Unix NetHack Version 5.0.0-0 post-release - last build Jun 10 2026 00:39:30 (3ee93aec679c4c4259841fe613dc97188e26a321,branch:main).

Game began 2026-07-06 17:02:16, ended 2026-07-06 18:12:30.

ARFwashere, neutral male human Tourist

 ----------
 |)))).))[|
 |.....@f)|
 -------@--
        i
        #
        #
        #
        #
        #
        #
        #
        #
        #
        #
  ------|-------
  |.............
  |.<..........|
  --------------

ARFwashere the Sightseer    St:10 Dx:15 Co:14 In:10 Wi:7 Ch:18  Neutral
Dlvl:4  $:176 HP:0(20) Pw:10(10) AC:10 Xp:3 T:962 

Latest messages:
 You see here an expensive camera.
 $ - 16 gold pieces (176 in total).
 You see here an expensive camera.
 F - an expensive camera.
 You swap places with your kitten.
 "Aloha, ARFwashere!  Welcome to Rouffiac's antique weapons outlet!"
 Pick a monster, object or location.
          the interior of a monster or a wall (wall)
 You stop.  Your kitten is in the way!
 You stop.  Your kitten is in the way!
 You swap places with your kitten.
 The fox bites!
 You begin bashing monsters with your bare hands.
 You kill the fox!
 Welcome to experience level 3.
 You see here a fox corpse.
 There is a fox corpse here; eat it? [ynq] (n) y
 This fox corpse is fatty.
 You finish eating the fox corpse.
 "Aloha, ARFwashere!  Welcome again to Rouffiac's antique weapons outlet!"
 You already found a monster.  Use 'm' prefix to force another search.
 What do you want to zap? [x or ?*] x
 A lit field surrounds you!
 The homunculus bites!
 You hit the homunculus.
 The homunculus bites!
 You are put to sleep by the homunculus!
 The kitten picks up a mace.
 The homunculus bites!
 You wake up.
 In what direction? j
 The dart misses the homunculus.
 The homunculus bites!
 In what direction? j
 The dart hits the homunculus!
 The homunculus bites!
 You are put to sleep by the homunculus!
 The homunculus bites!
 The homunculus bites!
 The homunculus bites!
 The homunculus bites!
 The kitten drops a mace.
 The homunculus bites!
 You die...
 Rouffiac gratefully inherits all your possessions.
 Do you want to see what you had when you died? [ynq] (y) n
 Do you want to see your attributes? [ynq] (y) n
 Do you want an account of creatures vanquished? [ynaq] (y) n
 Do you want to see your conduct and achievements? [ynq] (y) n
 Do you want to see the dungeon overview? [ynq] (y) n

Inventory:
 Coins    ('$')
  $ - 176 gold pieces
 Weapons  (')')
  a - 32 +2 darts (at the ready)
  q - 9 +0 darts
 Armor    ('[')
  k - an uncursed +0 Hawaiian shirt with a hula dancer motif (being worn)
 Comestibles  ('%')
  d - 3 uncursed food rations
  v - 2 uncursed fortune cookies
  f - an uncursed lembas wafer
  b - 2 uncursed tripe rations
  B - a cursed tripe ration
  e - 2 uncursed rotten tins of newt meat
  c - an uncursed tin of pickled lichen
  A - an uncursed tin of spinach
  h - an uncursed tin of szechuan fox meat
  g - an uncursed egg
 Scrolls  ('?')
  C - a blessed scroll of enchant armor
  w - a blessed scroll of fire
  j - 4 uncursed scrolls of magic mapping
 Spellbooks  ('+')
  p - an uncursed spellbook of confuse monster
  o - an uncursed spellbook of detect food
  r - an uncursed spellbook of detect monsters
  D - an uncursed spellbook of knock
 Potions  ('!')
  i - 2 uncursed potions of extra healing
  t - an uncursed potion of gain energy
  s - 2 cursed potions of healing
  u - a cursed potion of monster detection
  E - a potion of holy water
 Wands    ('/')
  x - a wand of light (0:9)
 Tools    ('(')
  m - an uncursed credit card
  F - an expensive camera (0:58)
  l - an expensive camera (0:52)
  n - an uncursed leash
 Gems/Stones  ('*')
  y - an uncursed aquamarine stone
  z - an uncursed chrysoberyl stone

ARFwashere the Tourist's attributes:

Background:
 You were a Sightseer, a level 3 male human Tourist.
 You were neutral, on a mission for The Lady
 who was opposed by Blind Io (lawful) and Offler (chaotic).
 You were right-handed.
 You were in the Dungeons of Doom, on level 4.
 You entered the dungeon 962 turns ago.
 You had 41 experience points, 39 more were needed to attain level 4.

Basics:
 You had 0 out of 20 hit points.
 You had all 10 energy points (spell power).
 Your armor class was 10.
 Your wallet contained 176 zorkmids.
 Autopickup was on for '$' plus thrown.

Final Characteristics:
 Your strength was 10 (limit:18/100).
 Your dexterity was 15 (limit:18).
 Your constitution was 14 (limit:18).
 Your intelligence was 10 (limit:18).
 Your wisdom was 7 (limit:18).
 Your charisma was 18 (limit:18).

Final Status:
 You weren't hungry.
 You were unencumbered.
 You were bare handed.
 You were unskilled in bare handed combat.

Final Attributes:
 You were fervently aligned.
 You are dead.

Miscellaneous:
 You didn't encounter any bones levels.
 Total elapsed playing time was 36 minutes and 49 seconds.

Major events:
 Turn
    1: ARFwashere the neutral male human Tourist entered the dungeon
  924: attained the rank of Sightseer (level 3)
  962: killed by a homunculus, while sleeping

You didn't know any spells.

Skills:
 Fighting Skills
   bare handed combat [Unskilled]
   two weapon combat  [Unskilled]
   riding             [Unskilled]
 Weapon Skills
   dagger             [Unskilled]
   knife              [Unskilled]
   axe                [Unskilled]
   pick-axe           [Unskilled]
   short sword        [Unskilled]
   broadsword         [Unskilled]
   long sword         [Unskilled]
   two-handed sword   [Unskilled]
   saber              [Unskilled]
   mace               [Unskilled]
   morning star       [Unskilled]
   flail              [Unskilled]
   hammer             [Unskilled]
   quarterstaff       [Unskilled]
   polearms           [Unskilled]
   spear              [Unskilled]
   trident            [Unskilled]
   lance              [Unskilled]
   bow                [Unskilled]
   sling              [Unskilled]
   crossbow           [Unskilled]
   dart               [Basic]
   shuriken           [Unskilled]
   boomerang          [Unskilled]
   whip               [Unskilled]
   unicorn horn       [Unskilled]
 Spellcasting Skills
   divination spells  [Unskilled]
   enchantment spells [Unskilled]
   escape spells      [Unskilled]

Voluntary challenges:
 Character rerolling was not enabled.
 You were an atheist.
 You never hit with a wielded weapon.
 You were illiterate.
 You never genocided any monsters.
 You never polymorphed an object.
 You never changed form.
 You used no wishes.
Achievements:
 You entered a shop.
 You attained the rank of Sightseer.

 The Dungeons of Doom: levels 1 to 4
    Level 1:
       Some fountains.
    Level 2:
       A vegetarian food shop.
    Level 3:
    Level 4: <- You were here.
       A weapon shop.
       Final resting place for
          you, killed by a homunculus, while sleeping.


Vanquished creatures:
  a yellow mold
  5 jackals
  a fox
  a kobold
  a sewer rat
  2 grid bugs
  4 lichens
  2 kobold zombies
  a newt
18 creatures vanquished.

No species were genocided or became extinct.

Game over:
                       ----------
                      /          \
                     /    REST    \
                    /      IN      \
                   /     PEACE      \
                  /                  \
                  |    ARFwashere    |
                  |      176 Au      |
                  |   killed by a    |
                  |    homunculus    |
                  |                  |
                  |                  |
                  |       2026       |
                 *|     *  *  *      | *
        _________)/\\_//(\/(/\)/\//\/|_)_______

Aloha ARFwashere the Tourist...

You died in The Dungeons of Doom on dungeon level 4 with 355 points,
and 176 pieces of gold, after 962 moves.
You were level 3 with a maximum of 20 hit points when you died.

